Map: Acid Plant LE

Players

Zest

  • Race: Protoss Protoss
  • Spawn Location: 5:00

Serral - Winner!

  • Race: Zerg Zerg
  • Spawn Location: 11:00

Event: 2018 WCS Global Finals

VOD

Have the link to the VOD?

Description

Time

  • Played on: Oct. 26, 2018, 4:41 p.m.
  • Length: 16:51

All games in this series

Show
View Real Time Build Order
Export as new Build Order

Zest Protoss 

Build Orders: 1 Gate Expand, Oracle Opening, Archon Immortal, Zealot Archon, Archon Drop 

Get SALT Encoding   

  12  0:00  Probe  
  13  0:12  Probe  
  14  0:17  Pylon  
  14  0:24  Probe  
  15  0:32  Probe  
  15  0:38  Gateway  
  15  0:40  Probe  
  16  0:47  Assimilator  
  17  0:51  Probe  
  18  1:03  Probe  
  19  1:15  Probe  
  20  1:24  Nexus  
  20  1:34  Cybernetics Core  
  20  1:38  Probe  
  21  1:43  Assimilator  
  21  1:50  Probe  
  21  1:53  Pylon  
  22  2:02  Adept, Probe  
  23  2:13  Stargate  
  25  2:16  Probe  
  26  2:24  Warp Gate  
  26  2:26  Stalker  
  26  2:28  Probe  
  27  2:34  Probe  
  29  2:40  Probe  
  29  2:42  Probe  
  32  2:52  Probe x2  
  32  2:54  Oracle  
  34  3:04  Probe x2  
  39  3:08  Pylon  
  39  3:16  Probe x2  
  41  3:20  Assimilator x2  
  41  3:28  Probe  
  41  3:29  Oracle, Probe  
  41  3:34  Gateway  
  46  3:41  Probe x2  
  48  3:52  Robotics Facility  
  48  3:53  Probe x2  
  50  4:01  Twilight Council  
  50  4:05  Probe x2  
  52  4:15  Gateway  
  52  4:16  Gateway  
  52  4:17  Probe x2  
  52  4:18  Pylon  
  52  4:22  Charge  
  54  4:30  Gateway  
  54  4:31  Warp Prism  
  51  4:44  Templar Archives  
  53  4:50  Gateway  
  53  4:52  Probe x2  
  55  4:55  Zealot x2  
  59  5:11  Nexus  
  59  5:12  Pylon  
  59  5:17  Pylon  
  59  5:21  High Templar  
  59  5:26  Pylon  
  61  5:31  High Templar x3  
  61  5:32  Observer  
  61  5:35  Archon x2  
  68  5:37  Zealot  
  68  5:38  Probe x2  
  68  5:41  Shield Battery  
  72  5:47  Pylon  
  72  5:51  Forge  
  72  5:56  Probe  
  73  6:00  Probe  
  73  6:01  Immortal  
  78  6:05  Robotics Facility  
  78  6:08  Probe  
  79  6:12  Probe  
  79  6:17  Probe  
  80  6:20  Probe x2  
  80  6:25  Probe  
  83  6:28  Probe x2  
  83  6:29  Protoss Ground Weapons Level 1  
  83  6:31  Zealot  
  88  6:34  Probe  
  88  6:38  Probe  
  88  6:39  Probe  
  89  6:40  Assimilator, Immortal  
  89  6:45  Assimilator  
  89  6:46  Probe  
  89  6:47  Phoenix, Psionic Storm  
  96  6:48  Pylon  
  96  6:51  Probe  
  97  6:57  Probe  
  97  6:58  Stargate  
  97  7:00  Probe  
  101  7:05  Photon Cannon  
  101  7:08  Phoenix  
  100  7:09  Photon Cannon  
  100  7:12  Photon Cannon  
  102  7:18  Photon Cannon x2  
  102  7:22  Zealot x2  
  106  7:25  Phoenix  
  106  7:31  Observer x2  
  110  7:39  Photon Cannon  
  110  7:44  Phoenix, Pylon  
  110  7:49  High Templar x2  
  116  7:53  Pylon x2  
  116  7:57  Pylon  
  116  7:59  Protoss Ground Weapons Level 2  
  116  8:00  Immortal, Photon Cannon  
  116  8:01  Immortal  
  116  8:09  High Templar  
  116  8:10  High Templar  
  128  8:21  Probe x3  
  131  8:35  Zealot x4  
  131  8:38  Archon  
  131  8:39  Archon  
  137  8:50  Immortal, High Templar x2  
  137  8:55  Immortal, Photon Cannon x2  
  145  8:58  Photon Cannon  
  145  9:00  Pylon, Observer  
  145  9:01  Pylon x2  
  145  9:02  Photon Cannon  
  149  9:04  Photon Cannon  
  148  9:19  Immortal  
  148  9:25  Immortal, Nexus  
  152  9:35  Fleet Beacon  
  156  9:50  Zealot x6  
  149  9:58  Immortal  
  135  10:10  Zealot, Protoss Ground Weapons Level 3  
  135  10:11  Zealot x5  
  123  10:19  Immortal, Mothership  
  115  10:36  High Templar x3  
  115  10:38  Shield Battery  
  115  10:41  Shield Battery  
  121  10:42  High Templar  
  121  10:46  Observer  
  121  10:49  Zealot x2  
  127  10:54  Probe x3  
  130  11:04  Immortal, Observer  
  130  11:10  Immortal  
  137  11:16  Zealot x6  
  137  11:18  Photon Cannon  
  149  11:20  Assimilator  
  149  11:25  Assimilator  
  149  11:28  Shield Battery  
  145  11:48  Zealot x6, Observer  
  111  12:04  Archon  
  105  12:11  Immortal, Zealot x4  
  105  12:12  Zealot x2  
  105  12:13  Immortal  
  120  12:23  Oracle  
  120  12:34  High Templar x5  
  120  12:35  High Templar  
  135  12:38  Protoss Shields Level 1  
  135  12:41  Immortal  
  139  12:53  Immortal  
  143  13:08  Stalker x3  
  143  13:09  Stalker, Zealot x2  
  155  13:13  Observer  
  155  13:21  Nexus  
  155  13:24  Pylon  
  156  13:28  Pylon  
  156  13:30  Pylon  
  149  13:49  Zealot x6  
  159  13:56  Pylon  
  159  14:12  Nexus  
  159  14:14  High Templar x6  
  171  14:22  Archon x2  
  171  14:23  Archon  
  171  14:34  Pylon  
  171  14:35  Tempest x2  
  171  14:38  Pylon  
  181  15:13  Tempest x2  
  173  15:47  Archon  
  167  15:51  Zealot x6  
  159  16:22  High Templar x2  
  159  16:23  High Templar x4  
  171  16:28  Archon x2  
  171  16:29  Archon  
Show
View Real Time Build Order
Export as new Build Order

Serral Zerg - Winner!

Build Orders: Hatch First, Lurkers, Roach Hydra 

Get SALT Encoding   

  12  0:00  Drone  
  13  0:12  Overlord  
  13  0:17  Drone  
  14  0:30  Drone x2  
  16  0:48  Hatchery  
  15  0:51  Drone  
  15  0:55  Drone  
  17  0:58  Drone  
  18  1:09  Extractor  
  17  1:14  Spawning Pool  
  17  1:17  Drone  
  17  1:20  Drone  
  18  1:28  Drone  
  19  1:38  Drone  
  20  1:49  Overlord  
  20  2:01  Zergling x4, Queen x2  
  26  2:09  Metabolic Boost  
  26  2:10  Drone  
  26  2:14  Drone  
  28  2:21  Drone x2  
  30  2:32  Drone x2  
  32  2:42  Hatchery  
  31  2:46  Overlord  
  31  2:54  Queen  
  31  2:55  Drone  
  31  2:57  Drone  
  35  2:59  Drone  
  35  3:06  Drone x2  
  35  3:10  Drone x2  
  35  3:12  Zergling x2  
  39  3:13  Drone  
  39  3:15  Drone  
  39  3:18  Overlord  
  41  3:20  Drone  
  41  3:22  Drone  
  43  3:31  Spore Crawler  
  43  3:34  Overlord  
  42  3:36  Drone, Queen  
  42  3:40  Drone, Zergling x2  
  42  3:41  Drone  
  48  3:44  Overlord  
  48  3:46  Drone  
  49  3:57  Queen  
  49  3:59  Overlord  
  49  4:00  Spore Crawler  
  49  4:01  Drone x2  
  49  4:02  Drone  
  53  4:04  Drone  
  53  4:05  Drone  
  53  4:06  Drone  
  53  4:08  Drone  
  57  4:14  Overlord  
  57  4:17  Extractor x2  
  57  4:18  Lair  
  57  4:20  Drone  
  56  4:25  Roach Warren  
  56  4:26  Drone  
  56  4:28  Drone  
  57  4:36  Drone x3, Overlord  
  56  4:39  Drone  
  56  4:41  Drone x2  
  56  4:43  Drone x2  
  56  4:44  Drone  
  61  4:49  Queen  
  63  4:54  Zergling x4  
  63  4:58  Overlord  
  65  5:02  Drone x4  
  65  5:06  Drone x2  
  71  5:10  Overlord  
  71  5:14  Extractor  
  71  5:15  Drone x2  
  71  5:16  Evolution Chamber  
  71  5:18  Glial Reconstitution  
  71  5:19  Roach  
  71  5:20  Roach  
  75  5:24  Roach x3  
  75  5:28  Roach x2  
  85  5:30  Overlord  
  85  5:32  Roach  
  86  5:36  Roach x2  
  86  5:41  Roach  
  91  5:43  Zerg Missile Weapons Level 1  
  91  5:46  Drone  
  91  5:47  Extractor  
  91  5:48  Drone  
  91  5:49  Spire  
  91  5:51  Roach  
  91  5:52  Roach  
  91  5:54  Drone x2  
  97  5:58  Overlord  
  97  5:59  Drone  
  97  6:00  Drone x2  
  97  6:03  Drone x2  
  97  6:04  Overseer  
  100  6:05  Extractor  
  100  6:08  Overlord  
  100  6:09  Drone x2  
  101  6:13  Drone x2  
  101  6:16  Overlord  
  103  6:19  Overlord  
  103  6:21  Overlord  
  103  6:25  Roach x3  
  108  6:31  Drone  
  108  6:40  Hatchery  
  107  6:59  Hydralisk Den  
  106  7:08  Drone  
  106  7:09  Drone x7  
  106  7:10  Drone x5  
  106  7:11  Drone  
  120  7:15  Overlord  
  120  7:21  Overlord  
  120  7:27  Drone  
  120  7:29  Muscular Augments  
  121  7:30  Lurker Den  
  121  7:31  Hydralisk x8  
  121  7:35  Extractor  
  121  7:36  Extractor  
  134  7:37  Hydralisk x3  
  140  7:46  Hydralisk x3  
  146  7:53  Overlord  
  146  7:54  Hydralisk x3  
  146  7:55  Hydralisk  
  146  7:56  Pneumatized Carapace  
  154  8:05  Hydralisk x3  
  156  8:06  Zergling x6  
  156  8:09  Zerg Missile Weapons Level 2  
  156  8:12  Zergling x6  
  166  8:23  Overlord, Hydralisk x3  
  166  8:24  Zergling x4  
  174  8:29  Zergling x10  
  174  8:33  Roach  
  179  8:40  Grooved Spines  
  173  8:56  Lurker x11, Spore Crawler  
  173  8:57  Drone, Spore Crawler  
  173  8:58  Drone  
  173  9:00  Overlord  
  184  9:03  Overlord  
  184  9:06  Overlord  
  184  9:09  Overlord  
  181  9:12  Hydralisk  
  181  9:15  Overlord x3  
  181  9:16  Infestation Pit  
  180  9:20  Hydralisk x7  
  192  9:28  Overlord  
  192  9:34  Hydralisk x4  
  200  9:44  Overlord  
  196  9:48  Overlord  
  196  9:50  Hydralisk x9  
  187  9:55  Hydralisk x2  
  178  10:02  Hydralisk x3, Overseer  
  178  10:06  Zergling x8  
  185  10:09  Zergling x6  
  170  10:15  Hydralisk x3  
  170  10:18  Zergling x6  
  167  10:29  Hydralisk x2, Hatchery  
  167  10:30  Zergling x2  
  171  10:39  Lurker x4  
  171  10:40  Lurker x2  
  177  10:48  Roach x3  
  183  10:53  Overseer  
  183  10:56  Roach x5  
  192  11:03  Hive  
  192  11:06  Spine Crawler  
  191  11:17  Hydralisk x3  
  191  11:18  Roach  
  199  11:22  Spire, Overlord  
  194  11:33  Drone x6  
  180  11:57  Hydralisk x8  
  180  11:58  Hydralisk x7  
  198  12:08  Hydralisk x2  
  187  12:09  Zergling x18  
  200  12:16  Adaptive Talons  
  200  12:17  Greater Spire  
  200  12:22  Queen  
  199  12:23  Extractor, Spore Crawler  
  199  12:26  Extractor  
  199  12:27  Spine Crawler  
  199  12:28  Drone, Spine Crawler  
  195  12:33  Lurker x4  
  199  12:47  Overseer x2  
  199  12:54  Overseer  
  199  12:56  Zerg Missile Weapons Level 3  
  199  12:58  Zerg Flyer Weapons Level 1  
  199  13:00  Evolution Chamber  
  198  13:20  Hatchery  
  197  13:30  Corruptor x3  
  197  13:32  Overseer x2  
  196  13:38  Corruptor  
  196  13:39  Corruptor x3  
  189  13:50  Zerg Ground Armor Level 1  
  188  14:00  Brood Lord x3  
  194  14:11  Brood Lord x2  
  198  14:21  Spore Crawler  
  198  14:22  Spore Crawler x2, Brood Lord x2  
  194  15:37  Zergling x2  
  194  15:38  Zergling x8  
  181  15:49  Corruptor x5  
  161  15:50  Corruptor x4  
  179  15:58  Zergling x20  
  172  16:04  Hydralisk  
  172  16:05  Hydralisk x4, Roach  
  172  16:06  Zergling x6, Roach x11  
  172  16:09  Hydralisk x7  
  172  16:10  Zergling x2  
  195  16:43  Spore Crawler  
Tags
 
Add a new tag
Caveats
  • Supply blocks, unpowered buildings, or Contaminate may cause inaccurate times.
  • Supply counts are checked every 10 seconds.